 Dungeon Crawl Stone Soup version 0.18-b1-14-g029dad2 (webtiles) character file.

3364 Alarkh the Spear-Bearer (level 9, -11/61 HPs)
             Began as a Mummy Skald on Apr 30, 2016.
             Was an Initiate of Gozag.
             Hit by a large rock thrown by a cyclops (37 damage)
             ... on level 8 of the Dungeon.
             The game lasted 00:17:45 (8189 turns).

Alarkh the Spear-Bearer (Mummy Skald)               Turns: 8189, Time: 00:17:46

Health: -11/61     AC:  9    Str: 15    XL:     9   Next: 73%
Magic:  9/15       EV: 11    Int: 17    God:    Gozag
Gold:   653        SH:  0    Dex: 11    Spells: 4 memorised, 8 levels left

rFire  . . .     SeeInvis .     b - +0 halberd
rCold  + . .     Gourm    .     p - +2 robe {rF+}
rNeg   + + +     Faith    .     (shield currently unavailable)
rPois  ∞         Spirit   .     j - +2 helmet
rElec  .         Dismiss  .     r - +0 cloak
rCorr  .         Reflect  .     f - +0 pair of gloves
SustAt .         Harm     .     (no boots)
MR     +....                    (no amulet)
Stlth  +.........               (no ring)
                                v - +2 ring of intelligence

@: somewhat resistant to hostile enchantments, very unstealthy
A: no food or potions, fire vulnerability, cold resistance 1, negative energy
resistance 3, torment resistance, unbreathing
a: Potion Petition, Call Merchant, Bribe Branch, Renounce Religion


You were on level 8 of the Dungeon.
You worshipped Gozag.
Gozag was noncommittal.
You were not hungry.

You visited 2 branches of the dungeon, and saw 9 of its levels.

You collected 936 gold pieces.
You spent 180 gold pieces at shops.
You paid 103 gold pieces to Gozag.

Inventory:

Hand Weapons
 a - a +0 trident
 b - a +0 halberd (weapon)
 n - a -2 trident
 w - a +0 spear
Armour
 f - a +0 pair of gloves (worn)
 h - a +1 robe of resistance
 j - a +2 helmet (worn)
 p - a +2 robe of fire resistance (worn)
 q - a +0 leather armour
 r - a +0 cloak (worn)
Jewellery
 v - a +2 ring of intelligence (left hand)
Wands
 i - a wand of paralysis (9/24)
 l - a wand of polymorph (14/24)
Scrolls
 d - a scroll of remove curse
 e - 4 scrolls of amnesia
 g - a scroll of fog {unknown}
 k - 3 scrolls of teleportation
 m - a scroll of recharging
 o - 4 scrolls of identify
 s - a scroll of enchant weapon
 t - a scroll of enchant armour
Books
 c - a book of Battle

   Spells                             Type                      Level
   a - Infusion                       Charms                       1
   b - Shroud of Golubria             Charms/Translocation         2
   c - Song of Slaying                Charms                       2
   d - Spectral Weapon                Hexes/Charms                 3
   e - Regeneration                   Charms/Necromancy            3


   Skills:
 - Level 2.0 Fighting
 * Level 10.7 Polearms
 - Level 0.7 Armour
 - Level 0.7 Dodging
 + Level 4.0 Spellcasting
 + Level 4.0 Charms


You had 8 spell levels left.
You knew the following spells:

 Your Spells              Type           Power        Failure   Level  Hunger
a - Infusion              Chrm           ###.         2%          1    N/A
b - Song of Slaying       Chrm           ###.....     4%          2    N/A
c - Spectral Weapon       Hex/Chrm       ##......     21%         3    N/A
e - Shroud of Golubria    Chrm/Tloc      ##........   12%         2    N/A

Dungeon Overview and Level Annotations

Branches:
Dungeon (8/15)             Temple (1/1) D:5
   Lair: D:8-11

Altars:
Ashenzari
Cheibriados
Dithmenos
Elyvilon
Gozag
Kikubaaqudgha
Makhleb
Nemelex Xobeh
Okawaru
Pakellas
Qazlal
Ru
Sif Muna
Trog
Vehumet
Xom
Zin
The Shining One

Shops:
D:4 *!(   D:6 :


Innate Abilities, Weirdness & Mutations

You do not eat or drink.
Your flesh is vulnerable to fire.
You are immune to poison.
Your flesh is cold resistant.
You are immune to negative energy.
You are immune to unholy pain and torment.
You can survive without breathing.


Message History

You now have 635 gold pieces (gained 8).
You now have 653 gold pieces (gained 18).
An eye of draining and a cyclops come into view.
The eye of draining turns its gaze towards you.
The cyclops shouts!
The eye of draining gazes at you.
You feel your power leaking away.
You see here a forked iron wand.
Zapping:
i - a wand of paralysis (9/24)
Press: ? - help, Shift-Dir - straight line, f - cyclops
Aim: a cyclops (chance to defeat MR: 28%)
Okay, then.
Unknown command.
The cyclops throws a large rock.
The large rock hits you!!
Ouch! That really hurt!
You see here a large rock.
The cyclops throws a large rock.
The large rock hits you!!!
Ouch! That really hurt!
You die...
Your body crumbles into a pile of gold.

#... #..# #..# #..# #..#
#..# #..####
###########.(.@.#
............###.#
####.#C##### #.#
#.....G..# #.######
##...###.###.##...#
#..####..........#####.#
... #.................#
#### #..###.##..#.######
#..# #.##..#.#


You could see a cyclops.

Vanquished Creatures
  The ghost of Wooh the Slasher, a novice NaBe of Trog (D:6)
  Sigmund (D:2)
  A spriggan (D:7)
  Menkaure (D:4)
  A black bear (D:5)
  2 orc warriors (D:6)
  An ice beast (D:7)
  A phantom (D:7)
  A sky beast (D:7)
  An ogre (D:7)
  A necrophage (D:5)
  A centaur (D:8)
  3 giant frogs
  A gnoll sergeant (D:7)
  Blork the orc (D:4)
  2 water moccasin zombies (D:7)
  A jelly (D:7)
  3 crimson imps
  A quasit (D:6)
  A giant frog zombie (D:5)
  Crazy Yiuf (D:2)
  A gnoll shaman (D:7)
  6 hounds
  4 orc wizards
  3 orc priests
  A centaur skeleton (D:5)
  2 worker ants
  A killer bee zombie (D:5)
  A hound zombie (D:6)
  A mummy (D:6)
  Robin (D:3)
  22 gnolls
  2 worker ant zombies
  8 adders
  A shadow imp (D:6)
  2 oozes
  An adder skeleton (D:4)
  An adder zombie (D:5)
  2 worms
  6 dart slugs
  5 giant geckos
  9 orcs
  4 ball pythons
  6 giant cockroaches
  14 goblins
  6 hobgoblins
  5 jackals
  3 quokkas
  9 bats
  6 giant newts
  A jackal zombie (D:6)
  9 kobolds
  4 quokka skeletons
  8 rats
182 creatures vanquished.

Vanquished Creatures (others)
  A manticore (D:4)
  An orc wizard (D:5)
  A worker ant (D:5)
  A shadow imp (D:5)
  A worm (D:5)
  An orc (D:5)
  2 spectral weapons (D:6)
8 creatures vanquished.

Grand Total: 190 creatures vanquished

Notes
Turn   | Place    | Note
--------------------------------------------------------------
     0 | D:1      | Alarkh the Mummy Skald began the quest for the Orb.
     0 | D:1      | Reached XP level 1. HP: 16/16 MP: 3/3
   104 | D:1      | Reached skill level 2 in Polearms
   148 | D:1      | Reached XP level 2. HP: 19/22 MP: 0/5
   727 | D:1      | Reached XP level 3. HP: 16/27 MP: 0/6
   731 | D:1      | Learned a level 2 spell: Song of Slaying
   734 | D:1      | Learned a level 2 spell: Shroud of Golubria
   819 | D:1      | Found a shattered altar of Ashenzari.
   908 | D:1      | Reached skill level 3 in Polearms
  1170 | D:2      | Reached XP level 4. HP: 27/33 MP: 2/7
  1249 | D:2      | Noticed Crazy Yiuf
  1393 | D:2      | Noticed Sigmund
  1976 | D:3      | Found a glowing silver altar of Zin.
  2003 | D:3      | Reached skill level 4 in Polearms
  2039 | D:4      | Noticed Blork the orc
  2057 | D:4      | Found a radiant altar of Vehumet.
  2057 | D:4      | Noticed Robin
  2066 | D:3      | Killed Robin
  2379 | D:4      | Killed Blork the orc
  2379 | D:4      | Reached XP level 5. HP: 32/38 MP: 1/8
  2423 | D:4      | Found Xadoenet's Distillery.
  2456 | D:4      | Found Oquan's Assorted Antiques.
  2464 | D:4      | Bought a worn iron wand for 120 gold pieces
  2464 | D:4      | Bought a scroll labeled NUTICU VACZAOWA for 30 gold pieces
  2464 | D:4      | Bought a scroll labeled NUTICU VACZAOWA for 30 gold pieces
  2521 | D:4      | Found an ancient bone altar of Kikubaaqudgha.
  2528 | D:4      | Noticed Menkaure
  2541 | D:4      | Killed Menkaure
  2541 | D:4      | Reached skill level 5 in Polearms
  2541 | D:4      | Reached XP level 6. HP: 44/44 MP: 1/9
  3084 | D:4      | Reached skill level 6 in Polearms
  3096 | D:4      | Found Onluev's Weapon Shoppe.
  3263 | D:4      | Found an oddly glowing altar of Pakellas.
  3264 | D:4      | Noticed a manticore
  3268 | D:4      | Killed a manticore
  3368 | D:5      | Entered Level 5 of the Dungeon
  3378 | D:5      | Found a shadowy altar of Dithmenos.
  3389 | D:5      | Found a glowing golden altar of the Shining One.
  3389 | D:5      | Found a deep blue altar of Sif Muna.
  3422 | D:5      | Learned a level 3 spell: Spectral Weapon
  3493 | D:4      | Reached XP level 7. HP: 42/50 MP: 1/10
  3763 | D:5      | Reached skill level 7 in Polearms
  3886 | D:5      | Found a burning altar of Makhleb.
  4543 | D:5      | Found a shimmering altar of Xom.
  4846 | D:5      | Found a staircase to the Ecumenical Temple.
  4855 | Temple   | Entered the Ecumenical Temple
  4977 | Temple   | Became a worshipper of Gozag Ym Sagoz the Greedy
  5205 | D:2      | Reached XP level 8. HP: 56/56 MP: 8/11
  5233 | D:2      | Found a white marble altar of Elyvilon.
  5298 | D:2      | Killed Crazy Yiuf
  5298 | D:2      | Reached skill level 8 in Polearms
  5310 | D:2      | Killed Sigmund
  5547 | D:6      | Noticed Wooh's ghost (novice NaBe)
  5584 | D:6      | Found a snail-covered altar of Cheibriados.
  5886 | D:6      | Killed Wooh's ghost
  5886 | D:6      | Reached skill level 9 in Polearms
  6054 | D:6      | Found Dimentat's Book Shop.
  6399 | D:6      | Reached XP level 9. HP: 56/61 MP: 5/12
  6497 | D:6      | Reached skill level 10 in Polearms
  8182 | D:8      | Noticed a cyclops
  8189 | D:8      | Hit by a large rock thrown by a cyclops

Skill      XL: |  1  2  3  4  5  6  7  8  9 |
---------------+----------------------------+-----
Polearms       | 2 3 4 5 6 7 9 10 | 10.7
Charms         | 4 |  4.0
Spellcasting   | 4 |  4.0
Fighting       | |  2.0
Armour         | |  0.7
Dodging        | |  0.7

Action                   |  1- 3 |  4- 6 |  7- 9 || total
-------------------------+-------+-------+-------++-------
Melee: Spear             |   136 |   210 |   108 ||   454
       Trident           |       |       |    69 ||    69
       Halberd           |       |       |   204 ||   204
 Cast: Infusion          |    27 |    27 |    12 ||    66
       Shroud of Golubri |     1 |     3 |     7 ||    11
       Song of Slaying   |     1 |       |       ||     1
       Spectral Weapon   |       |       |    38 ||    38
Evoke: Wand              |       |     3 |     5 ||     8
  Use: Scroll            |     1 |     5 |     7 ||    13
 Stab: Paralysed         |       |    17 |       ||    17
       Distracted        |       |       |     3 ||     3
       Invisible         |       |       |     4 ||     4
Armor: Leather armour    |    28 |    33 |       ||    61
       Robe              |       |    18 |    90 ||   108
Dodge: Dodged            |    64 |    87 |   129 ||   280
